 Dungeon Crawl Stone Soup version 0.22.1-6-g1668fe2 (webtiles) character file.

56 Fang the Skirmisher (level 3, -1/24 HPs)
             Began as a Gargoyle Berserker on Jan 29, 2019.
             Was a Believer of Trog.
             Slain by Grinder (4 damage)
             ... while paralysed by Grinder
             ... on level 3 of the Dungeon.
             The game lasted 00:01:59 (2532 turns).

Fang the Skirmisher (Gargoyle Berserker)            Turns: 2532, Time: 00:02:00

Health: -1/24      AC: 14    Str: 21    XL:     3   Next: 95%
Magic:  3/3        EV:  2    Int:  7    God:    Trog [**....]
Gold:   100        SH:  0    Dex:  9    Spells: 2/2 levels left

rFire    . . .     SeeInvis .   a - +0 hand axe
rCold    . . .     Gourm    .   (no shield)
rNeg     + . .     Faith    .   i - +0 plate armour
rPois    ∞         Spirit   .   (no helmet)
rElec    +         Reflect  .   (no cloak)
rCorr    .         Harm     .   (no gloves)
MR       .....                  (no boots)
Stlth    ..........             b - amulet of rage
HPRegen  0.08/turn              (no ring)
MPRegen  0.08/turn              (no ring)

@: paralysed, berserk cooldown, slowed
A: negative energy resistance 1, electricity resistance, unbreathing,
petrification resistance, rot immunity, AC +3
a: Berserk, Trog's Hand, Renounce Religion, Evoke Berserk Rage


You were on level 3 of the Dungeon.
You worshipped Trog.
Trog was pleased with you.
You were near starving.

You visited 1 branch of the dungeon, and saw 3 of its levels.

You collected 100 gold pieces.

Inventory:

Hand Weapons
 a - a +0 hand axe (weapon)
Armour
 i - a +0 plate armour (worn)
Jewellery
 b - an amulet of rage (around neck)
 j - an uncursed amulet of magic regeneration
Scrolls
 d - 3 scrolls of amnesia {unknown}
 e - a scroll of immolation {unknown}
 h - 3 scrolls of identify {unknown}
 k - a scroll of magic mapping {unknown}
 p - a scroll of remove curse {unknown}
Potions
 f - a potion of magic {unknown}
 g - a potion of haste {unknown}
 l - a potion of ambrosia {unknown}
 m - 2 potions of lignification {unknown}
 n - a potion of brilliance {unknown}
 o - a potion of curing {unknown}
Comestibles
 c - 3 rations


   Skills:
 + Level 4.0 Fighting
 + Level 3.4 Axes
 + Level 2.5 Armour
 + Level 1.9 Dodging


You had 2 spell levels left.
You didn't know any spells.
Your spell library was empty.

Dungeon Overview and Level Annotations

Branches:
Dungeon (3/15)

Altars:
Hepliaklqana
Sif Muna

Annotations:
D:3 Grinder


Innate Abilities, Weirdness & Mutations

You are resistant to torment.
Your stone body is resilient. (AC +3)
You are immune to poison.
You resist negative energy. (rN+)
You are resistant to electric shocks. (rElec)
You can survive without breathing.
You are immune to petrification.
You are immune to rotting.


Message History

* * * LOW HITPOINT WARNING * * *
You slice Grinder!!
Grinder is almost dead.
You hear a shout!
Grinder says, "Just stop there for a second..."
Grinder hits you.
* * * LOW HITPOINT WARNING * * *
You closely miss Grinder.
Grinder is almost dead.
You are no longer berserk.
You are exhausted.
You feel yourself slow down. Grinder hits you but does no damage.
You barely miss Grinder.
Grinder is almost dead.
Grinder gestures at you.
You suddenly lose the ability to move!
Grinder gestures at you.
You barely resist. Grinder hits you.
You die...

#### ....
#.. ... #.#
#.. #.# #.#
#.# #5# #.#
#@# #.# #.#
#.# #.# #.#
#<# #.# #.#
#.###.#
##.....####
#.........#
###########


You could see Grinder.

Vanquished Creatures
  An ooze (D:1)
  A worm (D:2)
  2 dart slugs
  6 giant cockroaches
  8 goblins
  3 hobgoblins
  4 jackals (D:2)
  A quokka (D:2)
  A ball python (D:1)
  3 frilled lizards
  6 kobolds
  5 rats
41 creatures vanquished.

Notes
Turn   | Place    | Note
-------+----------+-------------------------------------------
     0 | D:1      | Fang the Gargoyle Berserker began the quest for the Orb.
     0 | D:1      | Reached XP level 1. HP: 14/14 MP: 1/1
   105 | D:1      | Reached XP level 2. HP: 13/19 MP: 2/2
   688 | D:1      | Reached XP level 3. HP: 18/24 MP: 3/3
  1151 | D:2      | Reached skill level 4 in Fighting
  1291 | D:2      | Reached ** piety under Trog
  1820 | D:2      | Found a hazy altar of Hepliaklqana.
  1822 | D:2      | Found a deep blue altar of Sif Muna.
  1936 | D:3      | Noticed Grinder
  1941 | D:3      | Paralysed by Grinder for 7 turns
  1961 | D:3      | Paralysed by Grinder for 2 turns
  2167 | D:3      | Paralysed by Grinder for 6 turns
  2177 | D:3      | Paralysed by Grinder for 6 turns
  2515 | D:3      | Paralysed by Grinder for 3 turns
  2530 | D:3      | Paralysed by Grinder for 7 turns
  2532 | D:3      | Slain by Grinder

Skill      XL: |  1  2  3 |
---------------+----------+-----
Axes           | 3 |  3.4
Fighting       | 4 |  4.0
Armour         | |  2.5
Dodging        | |  1.9

Action                   || total
-------------------------++-------
Melee: Hand axe          ||   207
Invok: Berserk           ||     4
  Eat: Chunk             ||     4
       Ration            ||     1
Armor: Animal skin       ||    26
       Plate armour      ||    95
Dodge: Dodged            ||    86
